 Dungeon Crawl Stone Soup version 0.21-a0-496-g696f58f (webtiles) character file.

1488 Lavandula the Cutter (level 8, -23/58 HPs)
             Began as a Mummy Chaos Knight on Nov 23, 2017.
             Annihilated by a death yak (24 damage)
             ... on level 8 of the Dungeon.
             The game lasted 00:34:37 (8971 turns).

Lavandula the Cutter (Mummy Chaos Knight)           Turns: 8971, Time: 00:34:38

Health: -23/58     AC:  7    Str: 15    XL:     8   Next: 51%
Magic:  0/9        EV: 11    Int: 12    God:    Xom [....*.]
Gold:   413        SH:  0    Dex: 13    Spells: 4/7 levels left

rFire    x . .     SeeInvis .   e - +4 short sword (flame)
rCold    + + +     Gourm    .   (no shield)
rNeg     + + +     Faith    .   b - +3 leather armour
rPois    ∞         Spirit   +   k - +0 helmet of the Guilds {*Contam rC+++ rN++} (curse)
rElec    .         Reflect  .   (no cloak)
rCorr    .         Harm     .   (no gloves)
MR       +....                  (no boots)
Stlth    +.........             o - amulet of guardian spirit
HPRegen  0.19/turn              i - +4 ring of slaying
MPRegen  0.11/turn              (no ring)

@: about to teleport
A: no food or potions, fire vulnerability, cold resistance 1, negative energy
resistance 3, torment resistance, unbreathing
a: Renounce Religion


You were on level 8 of the Dungeon.
You worshipped Xom.
You were a beloved toy of Xom.
You were not hungry.

You visited 1 branch of the dungeon, and saw 8 of its levels.

You collected 413 gold pieces.

Inventory:

Hand Weapons
 a - a +0 mace of chaos
 e - a +4 short sword of flaming (weapon)
 m - a +0 war axe of flaming
Missiles
 d - a throwing net
 j - a javelin (quivered)
Armour
 b - a +3 leather armour (worn)
 k - the cursed +0 helmet of the Guilds (worn) {*Contam rC+++ rN++}
   (You took it off Robin on level 2 of the Dungeon)

   It renders you almost immune to cold.
   It greatly protects you from negative energy.
   It causes magical contamination when unequipped.
   It has a curse placed upon it.
 t - a +1 helmet
Magical Staves
 p - an uncursed staff of cold
 v - an uncursed staff of fire
Jewellery
 i - a +4 ring of slaying (left hand)
 o - an amulet of guardian spirit (around neck)
Wands
 r - a wand of enslavement (14)
 u - a wand of random effects (16)
Scrolls
 c - 2 scrolls of identify
 f - 2 scrolls of amnesia
 g - a scroll of magic mapping
 n - 2 scrolls of remove curse
 q - a scroll of teleportation
 s - a scroll of fog
Books
 h - a book of Maledictions

   Spells                             Type                      Level
   a - Corona                         Hexes                        1
   b - Ensorcelled Hibernation        Hexes/Ice                    2
   c - Confuse                        Hexes                        3
   d - Tukima's Dance                 Hexes                        3
   e - Dazzling Spray                 Conjuration/Hexes            3


   Skills:
 - Level 3.4 Fighting
 - Level 6.8 Short Blades
 - Level 4.2 Maces & Flails
 - Level 1.5 Armour
 - Level 0.7 Dodging
 - Level 3.2 Hexes
 - Level 2.1 Evocations


You had 4 spell levels left.
You knew the following spells:

 Your Spells              Type           Power        Failure   Level  Hunger
a - Confuse               Hex            #.......     32%         3    N/A

Dungeon Overview and Level Annotations

Branches:
Dungeon (8/15)             Temple (0/1) D:4
   Lair: D:8-11

Altars:
Ashenzari
Cheibriados
Dithmenos
Elyvilon
Gozag
Hepliaklqana
Nemelex Xobeh
Sif Muna
Wu Jian
Xom
Zin

Shops:
D:7 !

Annotations:
D:2 Terence
D:7 arkorax's ghost, novice MfGl


Innate Abilities, Weirdness & Mutations

You do not eat or drink.
Your flesh is vulnerable to fire.
You are immune to poison.
Your flesh is cold resistant. (rC+)
You are immune to negative energy. (rN+++)
You are immune to unholy pain and torment.
You can survive without breathing.


Message History

A death yak comes into view.
You see here an arrow.
Evoke which item? (* to show all) (? for menu, Esc to quit)
Okay, then.
Okay, then.
As you read the scroll of fear, it crumbles to dust.
You assume a fearsome visage.
The death yak easily resists.
The rat looks frightened!
The death yak looks frightened!
The ogre looks frightened!
The centaur looks frightened!
The death yak gores you!!
* * * LOW HITPOINT WARNING * * *
Xom roars with laughter!
Okay, then.
Okay, then.
Unknown command.
As you read the scroll of fear, it crumbles to dust.
You assume a fearsome visage.
The death yak resists with some effort.
The death yak gores you!!
You die...
Xom chortles!

# ##...............cY.# #
#...♣._.♣..(#######.########
# #..........c#
#(............
#......#≈..♣.r≈#.#
#...(...######
#>.....#≈≈...≈≈#.###..Y....#
#......###...###(##........#
#........#..##
#(##.(.........
#........#..#
#Y##....#######
#.##.#..###.# #@..YO.r...
#.##....###.#######....####
#.##....'.......# .......
#.##....###..###.......#.
#.........................
#.##.#)#####.##.....#.....#
#.##.#.# .. .. . ..##.#.#
#.# . ####.#.# ..


You could see 2 death yaks, an ogre (fleeing), a centaur (fleeing) and a rat
(fleeing).

Vanquished Creatures
  2 ice beasts
  A killer bee (D:7)
  An ogre (D:5)
  A scorpion (D:7)
  A bullfrog skeleton (D:4)
  A gnoll shaman (D:7)
  2 hounds (D:5)
  2 orc priests (D:6)
  A centaur skeleton (D:7)
  6 worker ants
  5 iguanas
  2 orc wizards
  Robin (D:2)
  7 gnolls
  8 adders
  An ooze (D:4)
  An adder zombie (D:1)
  An adder skeleton (D:4)
  A worm (D:2)
  3 dart slugs
  7 leopard geckos
  12 orcs
  2 ball pythons
  6 giant cockroaches
  19 goblins
  8 hobgoblins
  14 jackals
  A quokka (D:5)
  A ball python skeleton (D:4)
  13 bats
  10 frilled lizards
  A giant cockroach zombie (D:1)
  7 kobolds
  A leopard gecko skeleton (D:5)
  6 rats
156 creatures vanquished.

Vanquished Creatures (collateral kills)
  A sky beast (D:7)
  2 ogres
  A killer bee (D:7)
  A gnoll shaman (D:4)
  2 orc priests (D:3)
  A killer bee zombie (D:4)
  8 gnolls
  An adder (D:5)
  5 orcs
22 creatures vanquished.

Vanquished Creatures (others)
  A wyvern skeleton (D:7)
1 creature vanquished.

Grand Total: 179 creatures vanquished

Notes
Turn   | Place    | Note
-------+----------+-------------------------------------------
     0 | D:1      | Lavandula the Mummy Chaos Knight began the quest for the Orb.
     0 | D:1      | Reached XP level 1. HP: 18/18 MP: 1/1
    95 | D:1      | XOM: divination: detect creatures
   145 | D:1      | XOM: divination: detect items
   215 | D:1      | XOM: harmless Chrm miscast
   219 | D:1      | Reached XP level 2. HP: 19/24 MP: 2/2
   353 | D:1      | XOM: smoke on damage
   711 | D:1      | XOM: harmless Ice miscast
   716 | D:1      | Reached XP level 3. HP: 29/29 MP: 3/3
   867 | D:1      | XOM is BORED!
   867 | D:1      | XOM: summons 1 hostile demon
  1122 | D:2      | XOM: swap monsters
  1492 | D:2      | XOM: 2-stop teleportation journey
  1613 | D:2      | Noticed Robin
  1639 | D:2      | XOM: 4-stop teleportation journey
  1769 | D:2      | XOM: noise
  1994 | D:3      | Reached XP level 4. HP: 34/35 MP: 4/4
  2238 | D:3      | Learned a level 3 spell: Confuse
  2511 | D:2      | Found a hazy altar of Hepliaklqana.
  2558 | D:2      | Noticed Terence
  2652 | D:2      | Killed Robin
  2652 | D:2      | Reached skill level 1 in Hexes
  2654 | D:2      | Got a dazzling helmet
  2660 | D:2      | Identified the cursed +0 helmet of the Guilds {*Contam rC+++ rN++} (You took it off Robin on level 2 of the Dungeon)
  2747 | D:2      | XOM: summons 2 hostile demons
  2891 | D:2      | XOM: silly message
  3296 | D:3      | XOM: smoke on damage
  3302 | D:3      | Reached skill level 1 in Short Blades
  3308 | D:3      | XOM: noise
  3310 | D:3      | Reached XP level 5. HP: 37/41 MP: 5/5
  3441 | D:4      | Found a snail-covered altar of Cheibriados.
  3463 | D:4      | XOM: polymorph worker ant -> gnoll
  3480 | D:5      | Entered Level 5 of the Dungeon
  3637 | D:5      | Found a glowing silver altar of Zin.
  3655 | D:5      | Noticed an ogre
  3661 | D:5      | XOM: stat loss: -1 Int (10/11)
  3669 | D:5      | XOM: mild Erth miscast
  3942 | D:4      | Noticed an ogre
  4203 | D:4      | XOM: 1-stop teleportation journey
  4225 | D:4      | XOM: polymorph dart slug -> hobgoblin
  4306 | D:4      | XOM: 2-stop teleportation journey
  4423 | D:4      | XOM: noise
  4424 | D:4      | XOM: summons friendly shadow imp
  4461 | D:4      | Reached skill level 2 in Short Blades
  4565 | D:4      | Found an opulent altar of Gozag.
  4565 | D:4      | Found a shadowy altar of Dithmenos.
  4570 | D:4      | Found a sparkling altar of Nemelex Xobeh.
  4572 | D:4      | Found a faded altar of an unknown god.
  4573 | D:4      | Found a deep blue altar of Sif Muna.
  4725 | D:4      | Reached XP level 6. HP: 39/47 MP: 6/6
  4761 | D:4      | Found a staircase to the Ecumenical Temple.
  5089 | D:3      | XOM: polymorph worker ant -> iguana
  5394 | D:3      | XOM: silly message
  5411 | D:3      | XOM is BORED!
  5411 | D:3      | XOM: mild Ice miscast
  5550 | D:3      | XOM: summons friendly iron imp
  5582 | D:3      | XOM: enchant monster (good)
  5662 | D:3      | XOM: scenery: create altars
  5789 | D:3      | Reached skill level 3 in Short Blades
  6025 | D:5      | Found a shattered altar of Ashenzari.
  6029 | D:5      | Reached XP level 7. HP: 51/52 MP: 3/7
  6121 | D:5      | XOM: summons friendly white imp
  6125 | D:5      | XOM: summons 6 friendly demons
  6181 | D:5      | XOM: 4-stop teleportation journey
  6223 | D:5      | Reached skill level 4 in Short Blades
  6330 | D:5      | XOM: scenery: create altars
  6453 | D:5      | XOM: noise
  6559 | D:5      | XOM: scenery: create altars
  6717 | D:5      | XOM: divination: detect items
  6739 | D:5      | XOM: harmless Necr miscast
  6742 | D:5      | XOM: harmless Summ miscast
  6768 | D:5      | XOM: potion effect (brilliance)
  6769 | D:5      | XOM: potion effect (agility)
  6781 | D:5      | XOM: harmless Necr miscast
  6785 | D:5      | XOM: snakes to sticks
  6920 | D:5      | Reached skill level 5 in Short Blades
  7028 | D:6      | Found an opulent altar of Gozag.
  7084 | D:6      | XOM: summons 3 hostile demons
  7085 | D:6      | Noticed a sixfirhy
  7097 | D:6      | Found an ornate altar of the Wu Jian Council.
  7270 | D:6      | XOM: 3-stop teleportation journey
  7324 | D:6      | Reached XP level 8. HP: 53/58 MP: 4/8
  7579 | D:6      | XOM: harmless Chrm miscast
  7581 | D:6      | XOM: harmless Summ miscast
  7910 | D:7      | XOM: divination: magic mapping
  7914 | D:7      | Reached skill level 1 in Evocations
  7923 | D:7      | Found Tadgh's Distillery.
  7923 | D:7      | XOM: confusion (+ monsters)
  7972 | D:7      | XOM: chaos cloud
  8222 | D:7      | XOM: confuse monster(s)
  8244 | D:7      | Reached skill level 6 in Short Blades
  8321 | D:7      | XOM: divine lightning
  8423 | D:7      | XOM: divination: magic mapping
  8518 | D:7      | Found a shimmering altar of Xom.
  8605 | D:7      | XOM: god gift: crooked smoking staff {god gift}
  8708 | D:7      | Noticed arkorax's ghost (novice MfGl)
  8907 | D:8      | Found a white marble altar of Elyvilon.
  8941 | D:8      | Noticed a death yak
  8967 | D:8      | Noticed a death yak
  8969 | D:8      | Noticed a death yak
  8970 | D:8      | HP: 1/58 [death yak (23)]
  8971 | D:8      | Annihilated by a death yak

Vault maps used:
D:1:      saegor_arrival_fortress
D:2:      marbit_many_paths, serial_park_tiny_2, uniq_robin, uniq_terence
D:3:      first_bread
D:4:      chequers_temple_overflow_minitemple,
          minmay_temple_entry_enclosed_plants, wad_floor_pattern_1,
          serial_park_tiny_1, cheibriados_altar_1
D:5:      lemuel_doored_altar, cheibrodos_ashenzari_chains
D:6:      hangedman_abyss_or_decor_jellyfish_corner, hangedman_feature_mirror
D:7:      xom_butterflies, serial_shops, shop_statue
D:8:      elyvilon_altar_4, dpeg_lair_monsters, grunt_livestock, uniq_joseph

Skill      XL: |  1  2  3  4  5  6  7  8 |
---------------+-------------------------+-----
Maces & Flails | 3 4 |  4.2
Hexes          | 1 3 |  3.2
Short Blades   | 1 2 3 5 6 |  6.8
Evocations     | 2 |  2.1
Fighting       | |  3.4
Armour         | |  1.5
Dodging        | |  0.7

Action                   |  1- 3 |  4- 6 |  7- 9 || total
-------------------------+-------+-------+-------++-------
Melee: Mace              |   169 |    30 |       ||   199
       Short sword       |       |   202 |   160 ||   362
Throw: Throwing net      |       |     3 |       ||     3
       Javelin           |       |       |     1 ||     1
 Cast: Confuse           |       |    12 |    20 ||    32
Evoke: Wand              |       |       |     5 ||     5
  Use: Scroll            |     4 |     3 |    12 ||    19
 Stab: Held in net/web   |       |     2 |       ||     2
       Sleeping          |       |     2 |       ||     2
       Confused          |       |       |     2 ||     2
Armor: Leather armour    |    66 |    65 |    56 ||   187
       Ring mail         |     5 |       |       ||     5
Dodge: Dodged            |   119 |   150 |    95 ||   364

Table legend:
 A = Spawn XP
 B = Non-spawn XP
 C = Spawn XP percentage of total XP
 D = Spawn monster count
 E = Non-spawn monster count
 F = Spawn count percentage of total count
 G = Total turns spent on level
                    A         B        C        D         E        F      G
               +---------+---------+-------+---------+---------+-------+---------
         Total |       0 |    2127 |   0.0 |       0 |     178 |   0.0 |  8971
               +---------+---------+-------+---------+---------+-------+---------
           D:1 |       0 |      48 |   0.0 |       0 |      25 |   0.0 |  1088
           D:2 |       0 |     104 |   0.0 |       0 |      35 |   0.0 |  1903
           D:3 |       0 |     231 |   0.0 |       0 |      44 |   0.0 |  1220
           D:4 |       0 |     306 |   0.0 |       0 |      22 |   0.0 |  1477
           D:5 |       0 |     528 |   0.0 |       0 |      17 |   0.0 |  1360
           D:6 |       0 |     336 |   0.0 |       0 |      14 |   0.0 |  1075
           D:7 |       0 |     531 |   0.0 |       0 |      17 |   0.0 |   621
           D:8 |       0 |      43 |   0.0 |       0 |       4 |   0.0 |   227
               +---------+---------+-------+---------+---------+-------+---------
